 Dungeon Crawl Stone Soup version 0.21.1-1-g345015fe64 (webtiles) character file.

3186 Ivernyr the Protected (level 9, -6/70 (71) HPs)
             Began as a Demonspawn Skald on Apr 25, 2018.
             Was a Believer of Nemelex Xobeh.
             Mangled by an ogre
             ... wielding a +0 giant club
              (19 damage)
             ... on level 8 of the Dungeon.
             The game lasted 00:32:49 (9202 turns).

Ivernyr the Protected (Demonspawn Skald)            Turns: 9202, Time: 00:32:50

HP:   -6/70 (71)    AC: 23    Str: 11    XL:     9   Next: 64%
MP:   11/12         EV: 12    Int: 14    God:    Nemelex Xobeh [**....]
Gold: 531           SH:  3    Dex: 17    Spells: 4/12 levels left

rFire    . . .     SeeInvis .   a - +0 falchion
rCold    . . .     Gourm    .   (no shield)
rNeg     . . .     Faith    .   b - +0 leather armour
rPois    .         Spirit   .   (helmet restricted)
rElec    .         Reflect  +   v - +0 cloak
rCorr    .         Harm     .   (no gloves)
MR       +....                  (no boots)
Stlth    +.........             F - +3 amulet of reflection
HPRegen  0.21/turn              l - +6 ring of protection
MPRegen  0.13/turn              t - ring of protection from magic

@: sanguine armour
A: horns 1, powered by death 1, sanguine armour 3
a: Renounce Religion


You were on level 8 of the Dungeon.
You worshipped Nemelex Xobeh.
Nemelex Xobeh was pleased with you.
You were hungry.

You visited 2 branches of the dungeon, and saw 9 of its levels.

You collected 531 gold pieces.

Inventory:

Hand Weapons
 a - a +0 falchion (weapon)
Armour
 b - a +0 leather armour (worn)
 v - a +0 cloak (worn)
Jewellery
 l - a +6 ring of protection (left hand)
 m - an uncursed ring of resist corrosion
 t - a ring of protection from magic (right hand)
 F - a +3 amulet of reflection (around neck)
Wands
 C - a wand of digging (8)
Scrolls
 e - a scroll of identify
 f - 3 scrolls of fog
 h - 4 scrolls of remove curse
 i - 2 scrolls of magic mapping {unknown}
 o - 2 scrolls of random uselessness {unknown}
 w - a scroll of noise {unknown}
 y - 2 scrolls of teleportation {unknown}
 z - 2 scrolls of enchant weapon {unknown}
 B - 2 scrolls of amnesia {unknown}
 E - a scroll of vulnerability {unknown}
 G - a scroll of silence {unknown}
Potions
 g - 2 potions of resistance {unknown}
 j - 2 potions of agility {unknown}
 k - a potion of might {unknown}
 n - 5 potions of curing
 p - 2 potions of mutation {unknown}
 q - 3 potions of lignification {unknown}
 r - 4 potions of heal wounds {unknown}
 s - a potion of brilliance {unknown}
 u - a potion of magic {unknown}
 A - a potion of flight {unknown}
Books
 c - a book of Battle

   Spells                             Type                      Level
   a - Infusion                       Charms                       1
   b - Shroud of Golubria             Charms/Translocation         2
   c - Song of Slaying                Charms                       2
   d - Spectral Weapon                Hexes/Charms                 3
   e - Regeneration                   Charms/Necromancy            3
Miscellaneous
 x - an ornate deck of destruction {drawn: 6}
 D - an ornate deck of summoning {drawn: 2}
Comestibles
 d - 8 rations


   Skills:
 + Level 6.7 Fighting
 - Level 1.7 Long Blades
 * Level 8.5 Armour
 - Level 1.7 Dodging
 - Level 2.0 Spellcasting
 + Level 6.4 Charms
 + Level 5.2 Invocations


You had 4 spell levels left.
You knew the following spells:

 Your Spells              Type           Power        Failure   Level  Hunger
a - Shroud of Golubria    Chrm/Tloc      ##........   12%         2    ###....
b - Song of Slaying       Chrm           ###.....     3%          2    ###....
c - Infusion              Chrm           ###.         1%          1    ##.....
d - Regeneration          Chrm/Necr      ##........   24%         3    ####...


Dungeon Overview and Level Annotations

Branches:
Dungeon (8/15)             Temple (1/1) D:6
   Lair: D:8-11

Altars:
Ashenzari
Cheibriados
Dithmenos
Elyvilon
Fedhas
Gozag
Hepliaklqana
Kikubaaqudgha
Makhleb
Nemelex Xobeh
Okawaru
Qazlal
Ru
Sif Muna
Trog
Uskayaw
Vehumet
Wu Jian
Xom
Zin
The Shining One

Shops:
D:8 !


Innate Abilities, Weirdness & Mutations

You have a pair of small horns on your head.
You regenerate a little health from kills.
When seriously injured, your bleeding wounds create very thick armour. (AC +12)


Message History

Your shroud falls apart!
You hit the ogre but do no damage.
You headbutt the ogre, but do no damage.
The ogre is moderately wounded.
You block the ogre's attack.
You hit the ogre. You headbutt the ogre.
The ogre is severely wounded.
The ogre hits you with a giant club!
You hit the ogre.
The ogre is severely wounded.
The ogre misses you.
You hit the ogre.
The ogre is severely wounded.
The ogre hits you with a giant club!
* * * LOW HITPOINT WARNING * * *
You hit the ogre.
The ogre is almost dead.
The ogre hits you with a giant club!!
You die...
Your body glows slightly and disappears.

#### ..# #(#
#)# #)# #@#
#..#.##O#
#....ยง..######
####h###.....#
O. #...###.###
## #..........
#...###.###
##......#
#.######


You could see an ogre.

Vanquished Creatures
  A two-headed ogre (D:8)
  A hippogriff (D:7)
  2 orc warriors
  3 ice beasts
  A sky beast (D:7)
  A phantom (D:5)
  A black bear (D:6)
  A necrophage (D:7)
  2 centaurs
  3 bullfrogs
  A scorpion (D:7)
  A howler monkey (D:6)
  A bullfrog zombie (D:5)
  A centaur zombie (D:6)
  3 crimson imps
  A quasit (D:6)
  4 hounds
  A jelly (D:6)
  2 orc wizards
  3 orc priests
  A bullfrog skeleton (D:7)
  Jessica (D:3)
  3 centaur skeletons
  2 iguanas (D:4)
  7 worker ants
  A hound skeleton (D:4)
  A howler monkey zombie (D:6)
  5 gnolls
  A worker ant zombie (D:7)
  A howler monkey skeleton (D:7)
  15 adders
  2 shadow imps
  4 oozes
  6 worms
  2 dart slugs
  A leopard gecko (D:1)
  10 orcs
  A ball python (D:1)
  4 giant cockroaches
  8 goblins
  3 hobgoblins (D:2)
  14 jackals
  3 quokkas
  7 bats
  5 frilled lizards
  5 kobolds (D:1)
  A quokka skeleton (D:5)
  8 rats
156 creatures vanquished.

Vanquished Creatures (collateral kills)
  An orc warrior (D:7)
  An orc wizard (D:7)
  An orc (D:8)
  A jackal (D:8)
4 creatures vanquished.

Vanquished Creatures (others)
  5 dream sheep (D:3)
  An orc priest (D:7)
6 creatures vanquished.

Grand Total: 166 creatures vanquished

Notes
Turn   | Place    | Note
-------+----------+-------------------------------------------
     0 | D:1      | Ivernyr the Demonspawn Skald began the quest for the Orb.
     0 | D:1      | Reached XP level 1. HP: 16/16 MP: 3/3
    12 | D:1      | Reached skill level 1 in Armour
   104 | D:1      | Gained mutation: When seriously injured, your bleeding wounds create armour. (AC +12) [demonic ancestry]
   104 | D:1      | Reached XP level 2. HP: 13/22 MP: 5/5
   335 | D:1      | Learned a level 2 spell: Song of Slaying
   338 | D:1      | Learned a level 2 spell: Shroud of Golubria
   770 | D:1      | Reached skill level 2 in Armour
   824 | D:1      | Gained mutation: When seriously injured, your bleeding wounds create thick armour. (AC +12) [demonic ancestry]
   824 | D:1      | Reached XP level 3. HP: 19/28 MP: 6/6
  1480 | D:2      | Gained mutation: You have a pair of small horns on your head. [demonic ancestry]
  1480 | D:2      | Reached XP level 4. HP: 16/34 MP: 2/7
  1975 | D:2      | Reached skill level 3 in Armour
  2517 | D:3      | Noticed Jessica
  2524 | D:3      | Killed Jessica
  2524 | D:3      | Reached XP level 5. HP: 41/41 MP: 5/8
  2763 | D:3      | Found a shimmering altar of Xom.
  2763 | D:3      | Noticed a dream sheep
  2763 | D:3      | Noticed a dream sheep
  2763 | D:3      | Noticed a dream sheep
  2763 | D:3      | Noticed a dream sheep
  2763 | D:3      | Noticed a dream sheep
  2768 | D:3      | Killed a dream sheep
  2768 | D:3      | Killed a dream sheep
  2768 | D:3      | Killed a dream sheep
  2768 | D:3      | Killed a dream sheep
  2768 | D:3      | Killed a dream sheep
  3322 | D:4      | Gained mutation: When seriously injured, your bleeding wounds create very thick armour. (AC +12) [demonic ancestry]
  3322 | D:4      | Reached XP level 6. HP: 44/47 MP: 5/9
  3416 | D:4      | Reached skill level 4 in Armour
  4031 | D:5      | Entered Level 5 of the Dungeon
  4621 | D:5      | Noticed an ice beast
  4653 | D:5      | Killed an ice beast
  4653 | D:5      | Reached XP level 7. HP: 46/54 MP: 8/10
  4695 | D:5      | Reached skill level 5 in Armour
  5474 | D:6      | Reached skill level 5 in Fighting
  5474 | D:6      | Reached skill level 6 in Armour
  5474 | D:6      | Reached skill level 5 in Charms
  5474 | D:6      | Gained mutation: You regenerate a little health from kills. [demonic ancestry]
  5474 | D:6      | Reached XP level 8. HP: 44/62 MP: 7/11
  6343 | D:6      | Found a staircase to the Ecumenical Temple.
  6352 | Temple   | Entered the Ecumenical Temple
  6460 | Temple   | Became a worshipper of Nemelex Xobeh the Trickster
  6515 | D:6      | Received a gift from Nemelex Xobeh
  6551 | D:6      | Reached skill level 1 in Invocations
  6905 | D:6      | Reached skill level 7 in Armour
  7512 | D:7      | Reached * piety under Nemelex Xobeh
  7589 | D:7      | Reached XP level 9. HP: 58/68 MP: 12/12
  7749 | D:7      | Learned a level 3 spell: Regeneration
  7939 | D:7      | Received a gift from Nemelex Xobeh
  8650 | D:7      | Reached skill level 8 in Armour
  8797 | D:7      | Found a blossoming altar of Fedhas.
  8864 | D:8      | Reached ** piety under Nemelex Xobeh
  8913 | D:8      | Noticed a two-headed ogre
  8931 | D:8      | Killed a two-headed ogre
  8931 | D:8      | Reached skill level 5 in Invocations
  9174 | D:8      | Found Guisan's Distillery.
  9202 | D:8      | Mangled by an ogre

Skill      XL: |  1  2  3  4  5  6  7  8  9 |
---------------+----------------------------+-----
Armour         | 1 2 3 4 6 7 8 |  8.5
Charms         | 3 4 5 6 |  6.4
Fighting       | 3 4 5 6 |  6.7
Invocations    | 3 5 |  5.2
Long Blades    | |  1.7
Dodging        | |  1.7
Spellcasting   | |  2.0

Action                   |  1- 3 |  4- 6 |  7- 9 || total
-------------------------+-------+-------+-------++-------
Melee: Falchion          |   107 |   289 |   495 ||   891
       Headbutt          |       |    64 |   125 ||   189
 Cast: Song of Slaying   |     2 |     6 |     7 ||    15
       Shroud of Golubri |     1 |    23 |    37 ||    61
Evoke: Deck              |       |       |     8 ||     8
  Use: Scroll            |       |       |     5 ||     5
 Stab: Sleeping          |     2 |     1 |       ||     3
  Eat: Chunk             |     2 |    13 |    13 ||    28
       Ration            |       |       |     2 ||     2
Armor: Leather armour    |    35 |   158 |   251 ||   444
Dodge: Dodged            |    71 |   254 |   375 ||   700
Block: Other             |       |       |     9 ||     9
       Rpst.: Falchion   |    25 |    79 |   116 ||   220
